Map: Torches LE

Players

Lambo - Winner!

  • Race: Zerg Zerg
  • Spawn Location: 5:00

ShoWTimE

  • Race: Protoss Protoss
  • League: Grandmaster
  • Spawn Location: 1:00

Event: HomeStory Cup XXVII

VOD

Have the link to the VOD?

Description

Time

  • Played on: June 29, 2025, 6:48 a.m.
  • Length: 3:41

All games in this series

Show
View Real Time Build Order
Export as new Build Order

Lambo Zerg - Winner!

Build Orders: Hatch First 

Get SALT Encoding   

  12  0:00  Drone  
  13  0:08  Drone  
  14  0:17  Overlord  
  14  0:23  Drone, Extractor  
  15  0:36  Drone x2  
  17  0:54  Hatchery  
  16  0:57  Drone  
  16  1:01  Drone  
  18  1:05  Extractor  
  17  1:17  Spawning Pool  
  16  1:20  Drone  
  16  1:24  Drone  
  18  1:28  Drone  
  19  1:41  Drone  
  20  1:52  Overlord  
  20  2:06  Metabolic Boost, Queen  
  20  2:07  Zergling x4  
  24  2:10  Zergling x2  
  25  2:18  Zergling x2  
  27  2:22  Zergling x2  
  27  2:27  Baneling Nest  
  27  2:28  Zergling x2  
  27  2:31  Zergling x2  
  28  2:38  Zergling x2  
  28  2:43  Queen  
  31  2:46  Zergling x2  
  31  2:50  Zergling x2  
  33  2:54  Zergling x2  
  34  3:01  Zergling x2  
  34  3:04  Overlord  
  35  3:12  Zergling x2, Baneling x3  
  36  3:24  Zergling x8  
Show
View Real Time Build Order
Export as new Build Order

ShoWTimE Protoss 

Build Orders: 1 Gate Expand 

Get SALT Encoding   

  12  0:00  Probe  
  13  0:12  Probe  
  14  0:20  Pylon  
  14  0:24  Probe  
  15  0:34  Probe  
  16  0:43  Gateway, Probe  
  16  0:49  Assimilator  
  17  0:53  Probe  
  18  1:05  Probe  
  19  1:17  Probe  
  20  1:26  Nexus  
  20  1:37  Cybernetics Core  
  21  1:40  Probe  
  21  1:44  Assimilator  
  21  1:52  Probe  
  22  1:54  Pylon  
  22  2:03  Adept  
  22  2:04  Probe  
  25  2:16  Probe  
  25  2:22  Stargate  
  26  2:24  Adept  
  26  2:28  Probe  
  29  2:42  Probe  
  30  2:45  Shield Battery  
  29  2:53  Adept  
  29  2:57  Shield Battery  
  30  2:58  Shield Battery  
  30  3:07  Pylon  
Tags
 
Add a new tag
Caveats
  • Supply blocks, unpowered buildings, or Contaminate may cause inaccurate times.
  • Supply counts are checked every 10 seconds.